 Dungeon Crawl Stone Soup version 0.31-a0-881-ge136f0c47a (webtiles) character file.

Game seed: 14423310584821544942

39 ipx the Cudgeller (level 3, 0/19 HPs)
             Began as a Vine Stalker Fighter on Oct 15, 2023.
             Slain by a gnoll
             ... wielding a +0 spear
              (2 damage)
             ... on level 2 of the Dungeon.
             The game lasted 00:03:33 (300 turns).

ipx the Cudgeller (Vine Stalker Fighter)             Turns: 300, Time: 00:03:33

Health: 0/19       AC:  6    Str: 20    XL:     3   Next: 47%
Magic:  0/4        EV:  9    Int:  8    God:
Gold:   24         SH:  4    Dex: 13    Spells: 2/2 levels left

rFire   . . .        b - +3 mace
rCold   . . .        c - +0 buckler
rNeg    . . .        e - +0 scale mail
rPois   .            (no helmet)
rElec   .            (no cloak)
rCorr   .            (no gloves)
SInv    .            (no boots)
Will    .....        (no amulet) Stlth
                     (no ring)
HPRegen 1.03/turn    (no ring)
MPRegen 0.09/turn

%: guardian spirit
@: no status effects
A: fangs 2, regeneration 1, magic shield, antimagic bite, no potion heal 2
a: no special abilities


You were on level 2 of the Dungeon.
You visited 1 branch of the dungeon, and saw 2 of its levels.

You collected 24 gold pieces.

Inventory:

Hand Weapons
 a - a +0 war axe
 b - a +3 mace (weapon)
Armour
 c - a +0 buckler (worn)
 e - a +0 scale mail (worn)
Scrolls
 g - a scroll of blinking {unknown}
 h - a scroll of identify {unknown}
 i - a scroll of summoning {unknown}
Potions
 d - a potion of might
 f - a potion of invisibility {unknown}


   Skills:
 - Level 2.6 Fighting
 - Level 1.7(2.5) Axes
 + Level 2.7(3.0) Maces & Flails
 - Level 2.4 Armour
 - Level 2.6 Shields


You had 2 spell levels left.
You didn't know any spells.
Your spell library was empty.

Dungeon Overview and Level Annotations

Branches:
Dungeon (2/15)

Altars:


Innate Abilities, Weirdness & Mutations

You have extremely sharp teeth.
Your natural rate of healing is unusually fast.
When hurt, damage is shared between your health and your magic reserves.
Your bite disrupts and absorbs the magic of your enemies.
Potions cannot restore your health.


Message History

You kill the endoplasm!
The gnoll hits you from afar with a +0 spear!
You closely miss the kobold. You bite the kobold. You drain its power.
You feel invigorated.
The kobold is severely wounded.
The kobold hits you but does no damage. The gnoll barely misses you. x2
You hit the kobold.
You kill the kobold!
The gnoll completely misses you. The gnoll barely misses you.
You hit the kobold.
You kill the kobold!
The gnoll hits you but does no damage. You block the gnoll's attack.
The gnoll hits you from afar with a +0 spear. x2
You block the gnoll's attack.
You hit the gnoll. You bite the gnoll. You drain its power.
You feel invigorated.
The gnoll is severely wounded.
The gnoll hits you from afar with a +0 spear.
You block the gnoll's attack. x2
You completely miss the gnoll. You bite the gnoll. You drain its power.
You feel invigorated.
The gnoll is severely wounded.
The gnoll hits you from afar with a +0 spear.
You block the gnoll's attack. The gnoll barely misses you.
You barely miss the gnoll. You bite the gnoll, but do no damage.
The gnoll is severely wounded.
The gnoll hits you from afar with a +0 spear. x2
* * * LOW HITPOINT WARNING * * *
The gnoll hits you but does no damage.
You hit the gnoll.
You kill the gnoll!
You block the gnoll's attack. The gnoll barely misses you.
The gnoll hits you from afar with a +0 spear.
* * * LOW HITPOINT WARNING * * *
The gnoll barely misses you.
The quokka bites you but does no damage.
You closely miss the quokka. Your bite misses the quokka. The quokka bites you.
* * * LOW HITPOINT WARNING * * *
The gnoll hits you from afar with a +0 spear.
You die...

....... #.#...
##.#.####### #######
#..........# .......
#.)........# .......
#..(.......# .....$.
#..........#
......g##..........##
......gr@..#........#
......g############.#
....... #.# .....!.
#.# ...###J #.# .. ..
#.##### . .. #......
.. #######


You could see 3 gnolls and a quokka.

Vanquished Creatures
  A gnoll (D:2)
  An adder (D:2)
  A dart slug (D:1)
  5 bats
  2 endoplasms (D:2)
  3 goblins
  A hobgoblin (D:1)
  A quokka (D:2)
  A frilled lizard (D:1)
  3 kobolds (D:2)
19 creatures vanquished.

Notes
Turn   | Place    | Note
-------+----------+-------------------------------------------
     0 | D:1      | ipx the Vine Stalker Fighter began the quest for the Orb.
     0 | D:1      | Reached XP level 1. HP: 11/11 MP: 2/2
   107 | D:1      | Reached skill level 1 in Maces & Flails
   112 | D:1      | Reached XP level 2. HP: 16/16 MP: 1/3
   273 | D:2      | Reached XP level 3. HP: 15/19 MP: 4/4
   300 | D:2      | Slain by a gnoll

Illustrated notes

Levels and vault maps discovered:
D:1:      mrwooster_arrival_statue, layout_loops_ring
D:2:      minmay_angry_zag, layout_basic, basic_altar

Skill      XL: |  1  2 |
---------------+-------+-----
Maces & Flails | 1 2 |  2.7
Fighting       | |  2.6
Axes           | |  1.7
Armour         | |  2.4
Shields        | |  2.6

Action                     || total
---------------------------++-------
  Melee: Mace              ||    39
         Bite              ||     9
 Armour: Scale mail        ||    37
  Dodge: Dodged            ||    23
  Block: Buckler           ||    13

Table legend: (Time is in decaauts)
 A = Elapsed time spent in this place.
 B = Non-inter-level travel time spent in this place.
 C = Inter-level travel time spent in this place.
 D = Time resting spent in this place.
 E = Time spent auto-exploring this place.
 F = Levels seen in this place.
 G = Mean time per level.
                   A        B        C        D        E       F      G
               +--------+--------+--------+--------+--------+-----+--------+
         Total |    311 |    311 |      0 |      0 |      0 |   2 |  155.5 |
       Dungeon |    311 |    311 |      0 |      0 |      0 |   2 |  155.5 |
               +--------+--------+--------+--------+--------+-----+--------+

Top non-repeatable levels by time:
     D:1: 242 daAuts
     D:2: 68 daAuts
